 Dungeon Crawl Stone Soup version 0.30-a0-140-gd1020e658a (webtiles) character file.

Game seed: 2180740191751121586

130297 Flugkiller the Brawler (level 16, 1/170 HPs)
             Began as a Troll Warper on Sept 24, 2022.
             Was the Champion of Uskayaw.
             Quit the game on level 3 of the Spider Nest.
             The game lasted 00:34:51 (23312 turns).

Flugkiller the Brawler (Troll Warper)              Turns: 23312, Time: 00:34:52

Health: 1/170      AC: -3    Str: 28    XL:     16   Next: 52%
Magic:  22/22      EV:  7    Int: 10    God:    Uskayaw [******]
Gold:   2800       SH: 28    Dex: 10    Spells: 18/24 levels left

rFire   + + .      SeeInvis .      - Unarmed
rCold   x . .      Faith    +    k - +18 shield of the Gong {rElec rN+ Will+ EV-5}
rNeg    + + .      Spirit   .    c - +0 fire dragon scales
rPois   +          Reflect  .    (helmet restricted)
rElec   +          Harm     .    Z - +2 ratskin cloak {*Rats rPois rN+ Str-1 Int-1 Dex+1}
rCorr   .          Rampage  .    (gloves unavailable)
Will    ++...      Clarity  +    (boots unavailable)
Stlth   ..........               P - amulet of faith
HPRegen 1.18/turn                v - +4 ring of evasion
MPRegen 0.18/turn                H - ring of Parhoo Tiny {EV+4 Str+2}

@: grasped by roots, corroded, constricted
A: large, unfitting armour, claws 3, regeneration 1, shaggy fur 1, tough skin 1,
clarity
a: Renounce Religion, Stomp, Line Pass, Grand Finale


You were on level 3 of the Spider Nest.
You worshipped Uskayaw.
Uskayaw was aware of your devotion.
You visited 5 branches of the dungeon, and saw 26 of its levels.
You also visited: Gauntlet.

You collected 3040 gold pieces.
You spent 240 gold pieces at shops.

Inventory:

Missiles
 I - 2 throwing nets (quivered)
 U - 3 curare-tipped darts
Armour
 c - +0 fire dragon scales (worn)
   (You found it on level 15 of the Dungeon)
 k - the +18 shield of the Gong (worn) {rElec rN+ Will+ EV-5}
   (You acquired it on level 3 of the Dungeon)

   It is deafeningly noisy when blocking attacks.
   EV:        It affects your evasion (-5).
   rElec:     It insulates you from electricity.
   rN:        It protects you from negative energy.
   Will:      It increases your willpower.
 u - +0 ice dragon scales
   (You found it on level 15 of the Dungeon)
 J - the +1 cloak of Wisdom {rF+ rN+}
   (You found it on level 9 of the Dungeon)

   rF:        It protects you from fire.
   rN:        It protects you from negative energy.
 M - a +0 troll leather armour
   (You found it on level 12 of the Dungeon)
 Z - the +2 ratskin cloak (worn) {*Rats rPois rN+ Str-1 Int-1 Dex+1}
   (You found it in a Gauntlet)

   When the wearer is hurt, rats may emerge from it to assist them.
   Str:       It affects your strength (-1).
   Int:       It affects your intelligence (-1).
   Dex:       It affects your dexterity (+1).
   rPois:     It protects you from poison.
   rN:        It protects you from negative energy.
Jewellery
 i - a ring of see invisible
   (You took it off a centaur warrior on level 9 of the Dungeon)
 o - a ring of poison resistance
   (You found it on level 1 of the Lair of Beasts)
 p - a +4 ring of protection
   (You found it on level 14 of the Dungeon)
 r - a +6 ring of intelligence
   (You found it on level 1 of the Spider Nest)
 v - a +4 ring of evasion (left claw)
   (You found it on level 3 of the Lair of Beasts)
 H - the ring of Parhoo Tiny (right claw) {EV+4 Str+2}
   (You took it off a centaur on level 9 of the Dungeon)

   [ring of evasion]

   EV:        It affects your evasion (+4).
   Str:       It affects your strength (+2).
 K - a ring of wizardry
   (You found it on level 15 of the Dungeon)
 O - a ring of fire
   (You found it on level 5 of the Lair of Beasts)
 P - an amulet of faith (around neck)
   (You acquired it on level 4 of the Lair of Beasts)
Wands
 m - a wand of digging (4)
   (You took it off Crazy Yiuf on level 6 of the Dungeon)
 S - a wand of quicksilver (20)
   (You found it on level 10 of the Dungeon)
 V - a wand of charming (12)
   (You found it on level 4 of the Lair of Beasts)
Scrolls
 a - 5 scrolls of immolation
 b - 4 scrolls of butterflies
 s - 4 scrolls of vulnerability
 t - 2 scrolls of teleportation
 y - a scroll of torment
 z - 7 scrolls of blinking
 C - 3 scrolls of magic mapping
 D - a scroll of enchant armour
 G - 3 scrolls of fear
 L - 2 scrolls of poison
 R - 3 scrolls of silence
 W - a scroll of summoning
Potions
 d - 4 potions of might
 e - a potion of berserk rage
 f - 2 potions of cancellation
 g - a potion of invisibility
 h - 3 potions of haste
 j - 6 potions of magic
 l - 6 potions of mutation
 n - a potion of resistance
 q - 12 potions of curing
 w - 3 potions of heal wounds
 x - 2 potions of lignification
 A - 4 potions of attraction
 F - 2 potions of ambrosia
 Q - a potion of flight
Miscellaneous
 X - a lightning rod (4/4)
   (You found it on level 4 of the Lair of Beasts)
 Y - a condenser vane (inert)
   (You found it in a Gauntlet)


   Skills:
 - Level 13.5 Fighting
 - Level 0.8 Throwing
 - Level 1.9 Dodging
 - Level 9.8 Shields
 - Level 18.5 Unarmed Combat
 + Level 4.9 Spellcasting
 - Level 2.1 Translocations
 + Level 5.6 Transmutations
 + Level 3.8 Earth Magic
 - Level 10.3 Invocations
 - Level 6.0 Evocations


You had 18 spell levels left.
You knew the following spells:

 Your Spells              Type           Power      Damage    Failure   Level
a - Statue Form           Tmut/Erth      7%         N/A       100%        6

Your spell library contained the following spells:

 Spells                   Type           Power      Damage    Failure   Level
 Blink                    Tloc           12%        N/A       58%         2
 Freeze                   Ice            8%         1d3       77%         1
 Magic Dart               Conj           8%         1d3       77%         1
 Necrotise                Necr           8%         1d4       77%         1
 Shock                    Conj/Air       8%         1d3       77%         1
 Gell's Gravitas          Tloc           6%         N/A       82%         3
 Lesser Beckoning         Tloc           6%         N/A       82%         3
 Teleport Other           Tloc           6%         N/A       82%         3
 Petrify                  Tmut/Erth      11%        N/A       86%         4
 Call Imp                 Summ           2%         N/A       88%         2
 Cigotuvi's Dreadful Rot  Necr/Pois/Air  4%         N/A       88%         2
 Poisonous Vapours        Pois/Air       4%         N/A       88%         2
 Scorch                   Fire           4%         2d5       88%         2
 Searing Ray              Conj           4%         2d4       88%         2
 Frozen Ramparts          Ice            4%         1d1       98%         3
 Inner Flame              Hex/Fire       2%         N/A       98%         3
 Mephitic Cloud           Conj/Pois/Air  2%         N/A       98%         3
 Vampiric Draining        Necr           2%         2d6       98%         3
 Ice Form                 Ice/Tmut       8%         N/A       98%         4
 Manifold Assault         Tloc           6%         N/A       99%         4
 Cause Fear               Hex            1%         N/A       100%        4
 Flame Wave               Conj/Fire      2%         2d4       100%        4
 Fulminant Prism          Conj/Hex       1%         3d6       100%        4
 Hailstorm                Conj/Ice       2%         3d3       100%        4
 Olgreb's Toxic Radiance  Pois           2%         N/A       100%        4
 Summon Ice Beast         Ice/Summ       2%         N/A       100%        4
 Agony                    Necr           2%         N/A       100%        5
 Alistair's Intoxication  Tmut/Pois      5%         N/A       100%        5
 Fireball                 Conj/Fire      1%         3d3       100%        5
 Iskenderun's Battlesphe  Conj           2%         2d6       100%        5
 Metabolic Englaciation   Hex/Ice        1%         N/A       100%        5
 Conjure Ball Lightning   Conj/Air       1%         3x3d6     100%        6
 Eringya's Noxious Bog    Tmut/Pois      4%         N/A       100%        6
 Summon Cactus Giant      Summ           1%         N/A       100%        6
 Orb of Destruction       Conj           1%         9d5       100%        7
 Storm Form               Tmut/Air       4%         N/A       100%        7
 Discord                  Hex            1%         N/A       100%        8


Dungeon Overview and Level Annotations

Branches:
Dungeon (15/15) Zot: 24177  Temple (1/1) D:5 Zot: 5930    Lair (5/5) D:9 Zot: 24880
  Swamp (0/4) Lair:3       Spider (3/4) Lair:3 Zot: 15329   Slime (0/5) Lair:4
    Orc (2/2) D:11 Zot: 10198     Elf (0/3) Orc:2        Vaults (0/5) D:13
 Depths (0/4) D:15        Gauntlet (visited)

Altars:
Ashenzari
Cheibriados
Elyvilon
Fedhas
Gozag
Hepliaklqana
Kikubaaqudgha
Makhleb
Nemelex Xobeh
Okawaru
Qazlal
Ru
Sif Muna
Trog
Uskayaw
Vehumet
Wu Jian
Xom
Yredelemnul
Zin
The Shining One
Jiyva

Shops:
D:3 (   D:11 :   D:15 (   Orc:2 !*([=

Annotations:
D:13 1 runed translucent door, qborf's ghost, journeyman DsBr
Lair:3 exclusion: ice statue
Spider:2 3 runed translucent doors, Johiy's ghost, adept MiFi; sastreii's ghost, adept DrHu
Spider:3 Arachne; Jorgrun


Innate Abilities, Weirdness & Mutations

You are too large for most types of armour.
You have claws for hands.
Your natural rate of healing is unusually fast.
You are covered in fur. (AC +1)
You have tough skin. (AC +1)
You possess an exceptional clarity of mind.


Message History

The wolf spider is engulfed in freezing vapours.
You block the wolf spider's attack.
BONNNG!
The wolf spider bites you.
A tarantella simulacrum comes into view.
The entropy weaver is engulfed in freezing vapours.
The orb spider is engulfed in freezing vapours.
You hear a hideous shriek!
You can now merge with and destroy a victim.
You mangle the wolf spider!!
You kill the wolf spider!
The entropy weaver is engulfed in freezing vapours.
You kill the entropy weaver!
You block the orb spider simulacrum's attack.
SHROANNG!
The torpor snail is engulfed in freezing vapours.
The orb spider is engulfed in freezing vapours.
The redback simulacrum bites you!
A river rat scurries out from under your cloak.
The redback simulacrum freezes you!!
You feel a terrible chill!
You mangle the orb spider simulacrum!!
The orb spider simulacrum vaporises!
The orb spider is engulfed in freezing vapours.
You kill the orb spider!
The wolf spider is engulfed in freezing vapours.
The torpor snail is engulfed in freezing vapours.
Your river rat is engulfed in freezing vapours.
You kill your river rat!
You claw the wolf spider!
The wolf spider is severely wounded.
The wolf spider is engulfed in freezing vapours.
The wolf spider misses you. You block the wolf spider's attack.
SHROANNG!
Unknown command.
You claw the wolf spider!
The wolf spider is almost dead.
The redback simulacrum is caught in a web!
The wolf spider is engulfed in freezing vapours.
You kill the wolf spider!
The torpor snail is engulfed in freezing vapours.
The redback simulacrum pulls away from the web.
You scratch the redback simulacrum.
The redback simulacrum is moderately damaged.
You block the redback simulacrum's attack.
BOUMMMMG!
You block the redback simulacrum's attack.
BONNNG!
The entropy weaver is engulfed in freezing vapours.
The entropy weaver gestures at you while chanting.
The entropic weave corrodes you!
The torpor snail is engulfed in freezing vapours.
You kill the torpor snail!
The jorogumo is engulfed in freezing vapours.
An entropy weaver simulacrum comes into view.
You mangle the redback simulacrum!!
The redback simulacrum vaporises!
You feel yourself speed up.
You block the redback simulacrum's attack.
SHROANNG!
The entropy weaver is engulfed in freezing vapours.
Some rock shatters into small pieces.
The tarantella simulacrum is caught in a web!
The jorogumo is engulfed in freezing vapours.
You block the redback simulacrum's attack.
SHROANNG!
The entropy weaver is engulfed in freezing vapours.
The entropy weaver gestures at you while chanting.
The entropic weave corrodes you!
Found a scroll of teleportation.
The redback simulacrum attacks as you move away!
You block the redback simulacrum's attack.
PANG!
The tarantella simulacrum struggles to get unstuck from the web.
Jorgrun casts a spell next to you.
The wall shatters!
The blast of rock fragments hits you!!
The entropy weaver is engulfed in freezing vapours.
The tarantella simulacrum struggles to get unstuck from the web.
The jorogumo is engulfed in freezing vapours.
Jorgrun casts a spell at you.
Roots burst forth from the earth!
The grasping roots grab you! The grasping roots constrict you!!
The entropy weaver is engulfed in freezing vapours.
The tarantella simulacrum pulls away from the web.
The jorogumo is engulfed in freezing vapours.
Unknown command.
You scratch the redback simulacrum.
The redback simulacrum is moderately damaged.
The redback simulacrum bites you!
* * * LOW HITPOINT WARNING * * *
The redback simulacrum freezes you!!!
You feel a terrible chill!
* * * LOW HITPOINT WARNING * * *
Jorgrun points next to Arachne and mumbles some strange words.
Some rock shatters into small pieces.
The grasping roots constrict you!
* * * LOW HITPOINT WARNING * * *
The entropy weaver is engulfed in freezing vapours.
You kill the entropy weaver!
Unknown command.
Unknown command.
Are you sure you want to abandon this character and quit the game? (Confirm with "yes".)

..##....#.#.#
..#.##.#...##
(.......####
###..##.#..#
#...#.^...##
.s.##.^###..## .
....#......##
.....#..^#.##§####
...#^.#..g.HZZHZ@#
.#?##^.#?.#§§#####
#.. .#. #.Z. ..##
. ....# ^. . #...#
# . ..... # ^.
.#### .##. ##
#.#.#^ .#.


You could see Arachne, Jorgrun, a jorogumo, a tarantella simulacrum, a redback
simulacrum and an entropy weaver simulacrum.

Vanquished Creatures
  Gastronok (Lair:3)
  Roxanne (Spider:1)
  5 emperor scorpions
  A ghost moth (Lair:3)
  3 orc warlords
  A broodmother (Spider:1)
  Nessos (Orc:2)
  A spark wasp (shapeshifter) (D:13)
  A minotaur (Gauntlet)
  3 fire dragons
  3 entropy weavers
  An ice dragon (D:15)
  4 hydras
  A ghost crab (Spider:2)
  3 boulder beetles
  Erica (D:11)
  5 centaur warriors
  3 two-headed ogres
  2 tengu warriors (D:14)
  An alligator (Lair:5)
  7 orc high priests
  A death knight (D:14)
  Urug (D:11)
  Nergalle (Lair:2)
  A pharaoh ant (Spider:3)
  2 sun moths (Spider:1)
  12 skeletal warriors
  2 steelbarb worms
  9 orb spiders
  A swamp dragon (Lair:5)
  6 orc knights
  2 deep elf pyromancers
  2 necromancers (D:13)
  26 ugly things
  4 orc sorcerers
  2 cyclopes
  An oklob plant (Lair:4)
  2 manticores
  A moth of wrath (Spider:1)
  12 wolf spiders
  3 black mambas
  4 torpor snails
  8 cane toads
  2 unseen horrors
  2 gargoyles
  Psyche (D:8)
  8 demonic crawlers
  7 komodo dragons
  2 rime drakes
  A freezing wraith (D:15)
  11 polar bears
  9 meliai
  11 tarantellas
  A slime creature (D:9)
  10 blink frogs
  10 trolls
  12 hornets
  6 tyrant leeches
  3 raiju (Lair:5)
  7 culicivoras
  2 centaur simulacra (Gauntlet)
  5 jumping spiders
  Sigmund (D:5)
  A shadow (D:9)
  7 wyverns
  A vampire (D:11)
  35 yaks
  3 wraiths
  4 basilisks
  A neqoxec (Gauntlet)
  3 chaos spawn (Gauntlet)
  19 redbacks
  14 vampire mosquitoes
  6 steam dragons
  12 wargs
  2 acid dragons
  12 water moccasins
  3 swamp worms (Gauntlet)
  Duvessa (D:4)
  12 hell hounds (Lair:5)
  12 black bears
  A swamp drake (Lair:5)
  37 orc warriors
  A sky beast (D:6)
  11 ice beasts
  The ghost of WLBjork the Chopper, an amateur HOMo of Beogh (D:3)
  10 ogres
  21 wolves
  2 centaurs (D:9)
  A tengu (Lair:3)
  A phantom (D:7)
  3 kobold brigands
  10 bullfrogs
  A gnoll sergeant (D:9)
  5 scorpions
  Dowan (D:4)
  17 killer bees
  4 howler monkeys
  A vampire bat (D:11)
  4 electric eels
  A wyvern simulacrum (Gauntlet)
  A crimson imp (D:4)
  18 jellies
  13 orc priests
  Crazy Yiuf (D:6)
  4 hounds
  11 iguanas
  Terence (D:2)
  19 orc wizards
  4 hell rats (Lair:3)
  6 gnolls (D:3)
  12 adders
  A shadow imp (D:5)
  3 white imps
  An ufetubus (D:5)
  6 dart slugs
  84 orcs
  9 bats
  9 endoplasms
  2 giant cockroaches
  6 goblins
  9 hobgoblins
  5 jackals (D:1)
  2 quokkas
  9 ball pythons
  6 frilled lizards
  19 kobolds
  5 rats
  A butterfly (Lair:1)
811 creatures vanquished.

Vanquished Creatures (collateral kills)
  A skeletal warrior (D:12)
  A manticore (D:12)
  A polar bear (Lair:5)
  A redback (Lair:3)
  An orc warrior (Orc:1)
  2 wolves (Lair:5)
  An orc (Orc:1)
8 creatures vanquished.

Vanquished Creatures (others)
  38 fungi
  49 plants
87 creatures vanquished.

Grand Total: 906 creatures vanquished

Notes
Turn   | Place    | Note
-------+----------+-------------------------------------------
     0 | D:1      | Flugkiller the Troll Warper began the quest for the Orb.
     0 | D:1      | Reached XP level 1. HP: 19/19 MP: 1/1
   131 | D:1      | Reached XP level 2. HP: 27/28 MP: 2/2
   362 | D:2      | Reached skill level 3 in Unarmed Combat
   495 | D:2      | Reached XP level 3. HP: 35/35 MP: 3/3
   666 | D:2      | Noticed Terence
   673 | D:2      | Killed Terence
   674 | D:2      | Reached XP level 4. HP: 21/44 MP: 4/4
   743 | D:2      | Reached skill level 4 in Unarmed Combat
   953 | D:2      | Found a faded altar of an unknown god.
  1145 | D:3      | Identified the +1 falchion of Gallantry {drain, Stlth+}
  1228 | D:3      | Found Vantoum's Weapon Shop.
  1281 | D:3      | Found a transporter.
  1291 | D:3      | Reached XP level 5. HP: 44/50 MP: 5/5
  1295 | D:3      | Noticed WLBjork's ghost (amateur HOMo)
  1304 | D:3      | Found a transporter.
  1414 | D:3      | Found an iron altar of Okawaru.
  1783 | D:3      | Identified 2 scrolls of acquirement
  1783 | D:3      | Acquired the +2 kite shield of Hopscotch {rElec rF- Str+7
                  | SInv}
  2264 | D:4      | Noticed an ogre
  2267 | D:4      | Reached skill level 5 in Unarmed Combat
  2310 | D:4      | Noticed a black bear
  2318 | D:4      | Killed a black bear
  2319 | D:4      | Reached XP level 6. HP: 60/61 MP: 6/6
  2408 | D:4      | Reached skill level 6 in Unarmed Combat
  2526 | D:4      | Found a hazy altar of Hepliaklqana.
  2559 | D:4      | Reached XP level 7. HP: 26/68 MP: 7/7
  2560 | D:4      | Noticed Duvessa
  2850 | D:4      | Noticed Dowan
  2870 | D:4      | Killed Duvessa
  2871 | D:4      | Reached skill level 7 in Unarmed Combat
  2881 | D:4      | Killed Dowan
  2982 | D:3      | Acquired the +18 shield of the Gong {rElec rN+ Will+ EV-5}
  2982 | D:3      | Found the +18 shield of the Gong {rElec rN+ Will+ EV-5}
  3035 | D:3      | Killed WLBjork's ghost
  3036 | D:3      | Reached skill level 1 in Shields
  3268 | D:5      | Entered Level 5 of the Dungeon
  3282 | D:4      | Reached XP level 8. HP: 51/79 MP: 8/8
  3319 | D:5      | Noticed Sigmund
  3340 | D:4      | Reached skill level 8 in Unarmed Combat
  3359 | D:5      | Killed Sigmund
  3360 | D:5      | Reached skill level 9 in Unarmed Combat
  3534 | D:5      | Found a staircase to the Ecumenical Temple.
  3724 | Temple   | Entered the Ecumenical Temple
  3779 | Temple   | Became a worshipper of Uskayaw the Reveller
  3823 | D:6      | Reached * piety under Uskayaw
  3836 | D:6      | Reached ** piety under Uskayaw
  3858 | D:6      | Reached *** piety under Uskayaw
  3880 | D:6      | Reached **** piety under Uskayaw
  3889 | D:6      | Reached skill level 5 in Shields
  3889 | D:6      | Reached skill level 10 in Unarmed Combat
  3891 | D:6      | Reached ***** piety under Uskayaw
  3978 | D:6      | Found a bloodstained altar of Trog.
  3989 | D:6      | Reached XP level 9. HP: 85/85 MP: 9/9
  3995 | D:6      | Found a shimmering blue altar of Sif Muna.
  3999 | D:6      | Got Sif Muna's Volume of the Salvo
  4053 | D:6      | Found a sparkling altar of Nemelex Xobeh.
  4055 | D:6      | Found an ancient bone altar of Kikubaaqudgha.
  4371 | D:6      | Found a runed translucent door.
  4371 | D:6      | Noticed Crazy Yiuf
  4378 | D:6      | Killed Crazy Yiuf
  4622 | D:7      | Reached skill level 11 in Unarmed Combat
  4856 | D:7      | Found an opulent altar of Gozag.
  5019 | D:7      | Found a blossoming altar of Fedhas.
  5022 | D:7      | Found a glowing silver altar of Zin.
  5022 | D:7      | Found a broken altar of Ashenzari.
  5024 | D:7      | Found a snail-covered altar of Cheibriados.
  5024 | D:7      | Found a shimmering altar of Xom.
  5024 | D:7      | Found a blossoming altar of Fedhas.
  5439 | D:8      | Found a broken altar of Ashenzari.
  5455 | D:8      | Found a glowing golden altar of the Shining One.
  5592 | D:8      | Noticed Psyche
  5602 | D:8      | Killed Psyche
  5603 | D:8      | Reached skill level 12 in Unarmed Combat
  6041 | D:9      | Paralysed by a hornet for 2 turns
  6047 | D:9      | Reached skill level 13 in Unarmed Combat
  6336 | D:9      | Reached XP level 10. HP: 24/89 MP: 10/10
  6342 | D:9      | Noticed a two-headed ogre
  6344 | D:9      | Identified the ring of Parhoo Tiny {EV+4 Str+2}
  6450 | D:9      | Found a sacrificial altar of Ru.
  6479 | D:9      | Noticed a centaur warrior
  6576 | D:8      | Killed a centaur warrior
  6582 | D:8      | Reached skill level 14 in Unarmed Combat
  6630 | D:9      | Noticed a centaur warrior
  6638 | D:9      | Killed a centaur warrior
  6662 | D:9      | Noticed a two-headed ogre
  6669 | D:9      | Killed a two-headed ogre
  6671 | D:9      | Noticed a centaur warrior
  6692 | D:9      | Killed a centaur warrior
  6693 | D:9      | Reached skill level 15 in Unarmed Combat
  6795 | D:9      | Killed a two-headed ogre
  6796 | D:9      | Reached XP level 11. HP: 82/101 MP: 11/11
  6831 | D:9      | Identified the +1 cloak of Wisdom {rF+ rN+}
  6946 | D:9      | Found a staircase to the Lair.
  7026 | D:9      | Got Sif Muna's Omnibus of Friendly Venin
  7242 | D:10     | Entered Level 10 of the Dungeon
  7517 | D:10     | Reached skill level 5 in Fighting
  7986 | D:10     | Reached skill level 1 in Evocations
  8174 | D:11     | Noticed Erica
  8182 | D:11     | Killed Erica
  8261 | D:11     | Found Jukheune's Book Shoppe.
  8312 | D:11     | Reached ****** piety under Uskayaw
  8480 | D:11     | Noticed Urug
  8490 | D:11     | Killed Urug
  8495 | D:11     | Found a staircase to the Orcish Mines.
  8822 | D:11     | Found a glowing silver altar of Zin.
  8917 | Lair:1   | Entered Level 1 of the Lair of Beasts
  8972 | Lair:1   | Reached skill level 5 in Evocations
  8975 | Lair:1   | Reached XP level 12. HP: 118/118 MP: 12/12
  9136 | Lair:1   | Identified the +1 mace of Rer Nobb {freeze, rCorr Str+5}
 10385 | Lair:2   | Noticed Nergalle
 10392 | Lair:2   | Killed Nergalle
 10770 | Lair:3   | Reached skill level 10 in Fighting
 10820 | Lair:3   | Noticed an ice dragon
 10827 | Lair:3   | Noticed a five-headed hydra
 10854 | Lair:3   | Killed a ten-headed hydra
 10855 | Lair:3   | Reached skill level 1 in Invocations
 10945 | Lair:3   | Found a staircase to the Swamp.
 11019 | Lair:3   | Noticed Gastronok
 11043 | Lair:3   | Killed Gastronok
 11048 | Lair:3   | Reached XP level 13. HP: 115/135 MP: 12/14
 11061 | Lair:3   | Found a hole to the Spider Nest.
 11602 | Lair:4   | Found a staircase to the Slime Pits.
 11603 | Lair:4   | Found a viscous altar of Jiyva.
 11924 | Lair:4   | Found an iron altar of Okawaru.
 12185 | Lair:5   | Entered Level 5 of the Lair of Beasts
 12203 | Lair:5   | Acquired an amulet of faith
 12243 | Lair:5   | Found a gate leading to a gauntlet.
 12252 | Gauntlet | Entered a Gauntlet
 12252 | Gauntlet | Found a transporter.
 12252 | Gauntlet | Found a transporter.
 12253 | Gauntlet | Found a transporter.
 12256 | Gauntlet | Found a transporter.
 12256 | Gauntlet | Found a transporter.
 12268 | Gauntlet | Found a transporter.
 12270 | Gauntlet | Found a transporter.
 12277 | Gauntlet | Noticed a green death
 12280 | Gauntlet | Found a transporter.
 12288 | Gauntlet | Found a transporter.
 12305 | Gauntlet | Found a transporter.
 12309 | Gauntlet | Found a transporter.
 12323 | Gauntlet | Found a transporter.
 12476 | Gauntlet | Gained mutation: You possess an exceptional clarity of
                  | mind. [a neqoxec]
 12541 | Gauntlet | Identified the +0 pair of gloves of Nihilism {rC+ SInv
                  | Stlth+}
 12613 | Gauntlet | Found the +2 ratskin cloak {*Rats rPois rN+ Str-1 Int-1
                  | Dex+1}
 12613 | Gauntlet | Noticed a minotaur
 12624 | Gauntlet | Killed a minotaur
 12625 | Gauntlet | Reached skill level 16 in Unarmed Combat
 12720 | Lair:5   | Reached skill level 5 in Invocations
 13162 | Lair:5   | Noticed a fire dragon
 13243 | Lair:5   | Killed a fire dragon
 13918 | Lair:5   | Reached XP level 14. HP: 146/146 MP: 17/17
 15274 | D:13     | Found a runed translucent door.
 15278 | D:13     | Reached skill level 17 in Unarmed Combat
 15279 | D:13     | Noticed qborf's ghost (journeyman DsBr)
 15310 | D:13     | Found a gate to the Vaults.
 15493 | D:13     | You fall into a shaft and drop 2 floors!
 15493 | D:15     | Entered Level 15 of the Dungeon
 15703 | D:13     | Got the Volume of Poison and the Arsonist
 16758 | D:15     | Reached XP level 15. HP: 46/158 MP: 20/20
 17078 | D:15     | Found Pogroyfe's Antique Weapon Shop.
 17249 | D:15     | Reached skill level 18 in Unarmed Combat
 17760 | D:15     | Found a staircase to the Depths.
 17975 | Orc:1    | Entered Level 1 of the Orcish Mines
 18680 | Orc:2    | Entered Level 2 of the Orcish Mines
 18680 | Orc:2    | Found Yzet's General Store.
 18813 | Orc:2    | Noticed Nessos
 19208 | Orc:1    | Reached skill level 10 in Invocations
 19554 | Orc:2    | Killed Nessos
 19691 | Orc:2    | Bought a scroll of identify for 20 gold pieces
 19691 | Orc:2    | Bought a potion of might for 40 gold pieces
 19721 | Orc:2    | Found Jofoch's Antique Weapon Shop.
 19769 | Orc:2    | Found a staircase to the Elven Halls.
 19941 | Orc:2    | Found Tazuck's Jewellery Boutique.
 19964 | Orc:2    | Found Atyigg's Antique Armour Shop.
 20047 | Orc:2    | Found Toluokik's Distillery.
 20061 | Orc:2    | Bought a potion of resistance for 180 gold pieces
 20262 | Spider:1 | Entered Level 1 of the Spider Nest
 20262 | Spider:1 | Noticed Roxanne
 20301 | Lair:3   | Reached skill level 1 in Transmutations
 21315 | Spider:1 | Noticed an emperor scorpion
 21315 | Spider:1 | Noticed an emperor scorpion
 21323 | Spider:1 | Reached XP level 16. HP: 151/170 MP: 22/22
 21652 | Spider:1 | Killed Roxanne
 21797 | Spider:2 | Found a runed translucent gate.
 21800 | Spider:2 | Found a runed translucent gate.
 21801 | Spider:2 | Found a runed translucent gate.
 21802 | Spider:2 | Noticed sastreii's ghost (adept DrHu)
 21842 | Spider:2 | Noticed Johiy's ghost (adept MiFi)
 21866 | Spider:2 | Reached skill level 1 in Earth Magic
 22399 | Spider:2 | Reached skill level 5 in Transmutations
 22554 | Spider:2 | Learned a level 6 spell: Statue Form
 23129 | Spider:3 | Noticed Jorgrun
 23202 | Spider:3 | Noticed Arachne
 23311 | Spider:3 | HP: 1/170 [constriction (14)]
 23312 | Spider:3 | Quit the game

Illustrated notes

Levels and vault maps discovered:
D:1:      sevenhm_arrival_forest_fort_small_6, layout_basic
D:2:      minmay_diamond_boxcup, layout_loops_ring,
          ebering_ecumenical_altar_rust, uniq_terence
D:3:      layout_loops_ring, mainiacjoe_overflow_catwalk, serial_shops, shop,
          gammafunk_ghost_gnarly_gnolls
D:4:      minmay_octagon_keep, layout_basic, worldfamousw_hep_ancestral_shrine,
          minmay_fire_ice_demons, uniq_duvessa
D:5:      layout_rooms, minmay_temple_entry_overgrown, serial_glass,
          glass_columns_b, glass_columns_b, item_on_display_a,
          minmay_strange_pillars, minmay_strange_pillars, uniq_sigmund
D:6:      layout_rooms, nzn_overflow_gifts_of_might_and_magic,
          mainiacjoe_overflow_divided_tiny, chequers_jeans,
          uniq_crazy_yiuf_cottage
D:7:      layout_cave_pools, mainiacjoe_overflow_surrounded_room,
          doesnt_xom_only_xom
D:8:      layout_basic, minitemple, grunt_ministairs_8, uniq_psyche
D:9:      minmay_the_grid_four_pointed_star_mashed
          [minmay_the_grid_triangle_9x9_sparse_checkered,
          minmay_the_grid_triangle_9x9_empty,
          minmay_the_grid_triangle_9x9_odd_lines,
          minmay_the_grid_triangle_9x9_wacky_v,
          minmay_the_grid_prize_trominoes], layout_loops_ring,
          lemuel_round_altar
D:10:     layout_loops_corners, hellmonk_bongcloud_opening,
          kennysheep_generic_room_2
D:11:     layout_irregular_city, erik_orc_2, serial_shops, nicolae_square_shop,
          roderic_batcave, zin_scriptorium, uniq_urug, uniq_erica
D:12:     minmay_general_purpose_star, layout_small_grid,
          kennysheep_generic_room_14
D:13:     layout_roguey, david_vaults_1, hellmonk_ghost_happy_afterlife
D:14:     layout_rooms, dreamdust_mushroom_princess
D:15:     grunt_enter_depths_hoard, layout_basic, serial_co_window_serial,
          co_window_corner_a, co_window_paths_a, co_window_corner_a,
          co_window_of_opportunity_a, co_window_cross_1, co_window_corner_b,
          co_window_corner_ca, co_window_cross_3, co_window_paths_c,
          co_window_of_opportunity_c, co_window_corner_ca,
          co_window_unsneaky_path_a, co_window_paths_e, serial_shops,
          nicolae_shop_trees, nicolae_fountain_basement
Temple:   nicolae_temple_bog_church
Lair:1:   layout_regular_city, serial_bayou_shore_b, infiniplex_staircase_pool,
          lemuel_fruit_fields
Lair:2:   layout_cave_pods, serial_bayou_shore_b, uniq_nergalle
Lair:3:   layout_chaotic_city, minmay_swamp_entry_swarm,
          spider_nest_entry_web_field, ice2_lemuel, uniq_gastronok
Lair:4:   layout_cave_shapes, minmay_slime_entry_jelly_boxes,
          serial_bayou_pond_d, lemuel_oklob_altar, serial_bayou_shore_b
Lair:5:   hangedman_lair_caniforms_friends, layout_long_grid,
          guppyfry_lair_end_dragon, gauntlet_entry_generic, minivault_26
Spider:1: spiders_nest_scorpion_pit, uniq_roxanne
Spider:2: layout_chambers, gammafunk_ghost_cemetery,
          nicolae_spider_swamp_cousins
Spider:3: layout_spider_delve, nicolae_spider_spiderdrome, uniq_jorgrun,
          uniq_arachne
Orc:1:    layout_caves
Orc:2:    grunt_orc_gardens, layout_diamond_mine, grunt_orc_garden,
          grunt_orc_garden, grunt_orc_garden, grunt_orc_garden, serial_shops,
          nicolae_shop_waterfront, uniq_nessos

Skill      XL: |  1  2  3  4  5  6  7  8  9 10 11 12 13 14 15 16 |
---------------+-------------------------------------------------+-----
Fighting       | 2 3 4 7 10 11 12 13 | 13.5
Unarmed Combat | 3 4 5 6 7 10 13 15 16 17 18 | 18.5
Shields        | 2 5 7 9 |  9.8
Evocations     | 5 6 |  6.0
Invocations    | 2 6 9 10 | 10.3
Transmutations | 3 5 |  5.6
Spellcasting   | 3 4 |  4.9
Earth Magic    | 3 |  3.8
Throwing       | |  0.8
Dodging        | |  1.9
Translocations | |  2.1

Action                   |  1- 3 |  4- 6 |  7- 9 | 10-12 | 13-15 | 16-18 || total
-------------------------+-------+-------+-------+-------+-------+-------++-------
Melee: Unarmed           |    94 |   169 |   330 |   467 |  1194 |   254 ||  2508
       Punch             |     2 |     2 |     3 |       |       |       ||     7
Throw: Javelin           |       |       |     2 |       |       |       ||     2
Invok: Grand Finale      |       |       |       |       |     5 |     1 ||     6
       Stomp             |       |       |       |       |     3 |       ||     3
       Line Pass         |       |       |       |       |     2 |       ||     2
Evoke: Wand              |       |       |       |     1 |     5 |     3 ||     9
       Lightning rod     |       |       |       |       |     3 |     1 ||     4
       Condenser vane    |       |       |       |       |     1 |     1 ||     2
  Use: Scroll            |       |     9 |     7 |     7 |    16 |     5 ||    44
       Potion            |       |     1 |     1 |     2 |     8 |     1 ||    13
 Stab: Sleeping          |     3 |     1 |       |       |       |       ||     4
       Paralysed         |       |       |    16 |    24 |    94 |    19 ||   153
       Invisible         |       |       |       |       |     4 |       ||     4
       Distracted        |       |       |       |       |     1 |       ||     1
Armor: Robe              |    36 |    61 |    48 |       |       |       ||   145
       Skin              |       |       |    13 |       |       |       ||    13
       Steam dragon scal |       |       |    13 |    21 |       |       ||    34
       Acid dragon scale |       |       |       |    58 |   119 |       ||   177
       Troll leather arm |       |       |       |       |    17 |       ||    17
       Fire dragon scale |       |       |       |       |   105 |    61 ||   166
Dodge: Dodged            |    39 |    81 |    26 |    37 |   233 |    53 ||   469
Block: Kite shield       |       |       |   407 |   485 |  1427 |   340 ||  2659

Table legend: (Time is in decaauts)
 A = Elapsed time spent in this place.
 B = Non-inter-level travel time spent in this place.
 C = Inter-level travel time spent in this place.
 D = Time resting spent in this place.
 E = Time spent auto-exploring this place.
 F = Levels seen in this place.
 G = Mean time per level.
                   A        B        C        D        E       F      G
               +--------+--------+--------+--------+--------+-----+--------+
         Total |  22974 |  21413 |   1561 |   3087 |  13159 |  27 |  850.9 |
       Dungeon |  12940 |  11900 |   1040 |   1265 |   8013 |  15 |  862.7 |
        Temple |     69 |     41 |     28 |      0 |     33 |   1 |   69.0 |
          Lair |   5119 |   4800 |    319 |    576 |   3108 |   5 | 1023.8 |
   Spider Nest |   2671 |   2553 |    118 |    551 |   1184 |   3 |  890.3 |
  Orcish Mines |   1801 |   1747 |     54 |    648 |    684 |   2 |  900.5 |
      Gauntlet |    371 |    371 |      0 |     45 |    137 |   1 |  371.0 |
               +--------+--------+--------+--------+--------+-----+--------+

Top non-repeatable levels by time:
    D:15: 1437 daAuts
  Lair:5: 1368 daAuts
Spider:2: 1337 daAuts
     D:8: 1315 daAuts
    D:11: 1241 daAuts
  Lair:3: 1210 daAuts
   Orc:1: 1209 daAuts
Spider:1: 1123 daAuts
     D:4: 1122 daAuts
     D:3: 1054 daAuts
    D:12: 974 daAuts
  Lair:2: 951 daAuts
    D:10: 916 daAuts
  Lair:1: 899 daAuts
     D:9: 829 daAuts
